 Dungeon Crawl Stone Soup version 0.16-a0-2010-g98bc240 (webtiles) character file.

905 magipi the Slinger (level 8, -2/54 HPs)
             Began as a Formicid Arcane Marksman on Nov 9, 2014.
             Slain by a centaur (9 damage)
             ... on level 5 of the Dungeon.
             The game lasted 00:51:33 (8226 turns).

magipi the Slinger (Formicid Arcane Marksman)       Turns: 8226, Time: 00:51:33

Health: -2/54      AC:  2    Str: 15    XL:     8   Next: 29%
Magic:  13/13      EV: 17    Int: 14    God:
Gold:   207        SH:  0    Dex: 17    Spells: 1 memorised, 8 levels left

rFire  . . .     SeeInvis +     a - +1 short sword (venom)
rCold  . . .     Clarity  .     q - +0 robe
rNeg   . . .     SustAb   .     (no shield)
rPois  .         Gourm    .     (helmet unavailable)
rElec  .         Spirit   .     (no cloak)
rCorr  .         Warding  .     (no gloves)
rMut   .         Stasis   +     (no boots)
MR     .....                    (no amulet)
Stlth  +++.......               (no ring)
                                (no ring)

@: agile, not resistant to hostile enchantments, fairly stealthy
A: permanent stasis, dig shafts and tunnels, four strong arms, antennae 3
a: Dig, Shaft Self


You were on level 5 of the Dungeon.
You were hungry.

You visited 1 branch of the dungeon, and saw 5 of its levels.

You collected 207 gold pieces.

Notes
Turn   | Place    | Note
--------------------------------------------------------------
     0 | D:1      | magipi, the Formicid Arcane Marksman, began the quest for the Orb.
     0 | D:1      | Reached XP level 1. HP: 15/15 MP: 2/2
   282 | D:1      | Reached XP level 2. HP: 21/21 MP: 4/4
   322 | D:1      | Reached skill level 4 in Hexes
  1033 | D:2      | Reached XP level 3. HP: 26/26 MP: 5/5
  1400 | D:2      | Found a stormy altar of Qazlal.
  2016 | D:2      | HP: 1/26 [adder (3)]
  2032 | D:2      | Reached XP level 4. HP: 3/32 MP: 6/6
  2401 | D:2      | Found a burning altar of Makhleb.
  3926 | D:1      | Reached XP level 5. HP: 21/37 MP: 9/9
  4226 | D:3      | Reached skill level 5 in Slings
  5330 | D:4      | Reached skill level 6 in Slings
  5330 | D:4      | Reached XP level 6. HP: 43/43 MP: 10/10
  5530 | D:4      | Found a deep blue altar of Sif Muna.
  5725 | D:4      | Noticed a yak
  5725 | D:4      | Noticed a yak
  5726 | D:4      | Noticed a yak
  6185 | D:4      | Found an iron altar of Okawaru.
  6422 | D:4      | Found a white marble altar of Elyvilon.
  6434 | D:4      | Reached skill level 7 in Slings
  6570 | D:5      | Entered Level 5 of the Dungeon
  6698 | D:5      | Reached XP level 7. HP: 48/48 MP: 11/11
  6771 | D:4      | Noticed a yak
  6797 | D:5      | Killed a yak
  6797 | D:5      | Reached skill level 8 in Slings
  7204 | D:4      | Noticed a yak
  7258 | D:4      | Killed a yak
  7258 | D:4      | Reached skill level 9 in Slings
  7258 | D:4      | Reached XP level 8. HP: 20/54 MP: 13/13
  7279 | D:4      | HP: 2/54 [yak (12)]
  7699 | D:4      | HP: 1/54 [yak (10)]
  7713 | D:4      | Killed a yak
  8031 | D:5      | Found a shadowy altar of Dithmenos.
  8052 | D:5      | Noticed an ice beast
  8226 | D:5      | Slain by a centaur

Inventory:

Hand weapons
 a - a +1 short sword of venom (weapon)
 b - a +1 hunting sling
 l - a +2 dagger of holy wrath
 o - a +0 whip
 y - a +0 spear
 E - a +0 trident
Missiles
 e - 215 stones (quivered)
 i - 6 sling bullets
 A - 12 steel sling bullets
 C - 11 poisoned needles
Armour
 q - a +0 robe (worn)
Jewellery
 F - an uncursed ring of ice
Magical devices
 s - a wand of draining (7)
Scrolls
 g - 2 scrolls of enchant weapon
 k - a scroll of amnesia {unknown}
 m - 2 scrolls of random uselessness {unknown}
 p - 2 scrolls of teleportation {unknown}
 r - 2 scrolls of enchant armour {unknown}
 t - a scroll of fog
 x - 3 scrolls of remove curse {unknown}
Potions
 n - 2 potions of restore abilities
 v - 3 potions of curing
 w - a potion of resistance
 z - a potion of magic
 H - a potion of brilliance
Books
 d - a book of Debilitation

   Spells                             Type                      Level
   *Corona                            Hexes                        1
   Slow                               Hexes                        2
   Inner Flame                        Hexes/Fire                   3
   Enslavement                        Hexes                        4
   Cause Fear                         Hexes                        4
   Leda's Liquefaction                Hexes/Earth                  4
Comestibles
 c - 3 slices of pizza
 f - 6 bread rations
 j - 6 fruits
 u - a meat ration
 D - 4 beef jerkies


   Skills:
 - Level 1.1 Fighting
 + Level 9.8 Slings
 - Level 1.7 Dodging
 - Level 1.1 Spellcasting
 - Level 4.1 Hexes


You had 8 spell levels left.
You knew the following spells:

 Your Spells              Type           Power        Failure   Level  Hunger
a - Corona                Hex            ##.....      6%          1    ##.....


Dungeon Overview and Level Annotations

Branches:
Dungeon (5/15)
 Temple: D:4-7

Altars:
Dithmenos
Elyvilon
Makhleb
Okawaru
Qazlal
Sif Muna


Innate Abilities, Weirdness & Mutations

You are under a permanent stasis effect.
You can dig through walls and to a lower floor.
Your four strong arms can wield two-handed weapons with a shield.
You have a pair of large antennae on your head (SInv).

Vault maps used:
D:1:      dpeg_arrival_rhombi, minmay_misc_feat_rugged, minivault_26
D:2:      lemuel_crystal_altar, grunt_qazlal_clouds, minmay_rats_cheesy_pizza
D:3:      first_bread
D:4:      elyvilon_altar_4, kennysheep_mini, okawaru_metal_pillars_1_2,
          hangedman_decor_peaks_small, st_stairs_5
D:5:      nicolae_dithmenos_shadow_blocks


Message History

There is a stone staircase leading down here.
e - 188 stones (gained 2)
There is a stone staircase leading down here.
Things that are here:
a giant spiked club; an uncursed dagger; a hunting sling
e - 189 stones (gained 1)
Things that are here:
a giant spiked club; an uncursed dagger; a hunting sling
There is a stone staircase leading down here.
You climb downwards.
There is a stone staircase leading up here.
Unknown command.
You see here a dagger.
You are feeling hungry.
Eat which item? (? for menu, Esc to quit)
Okay, then.
Found 26 stones.
e - 215 stones (gained 26) 3 jackals come into view.
The jackal barks!
A jackal comes into view.
A centaur comes into view.
The jackal barks!
The jackal stops to sniff the ground.
The jackal completely misses you. The jackal misses you. The jackal bites you.
It begins to drip with poison!
a - a +1 short sword of venom (weapon)
The centaur shouts!
The jackal barely misses you.
You miss the jackal. You hit the jackal.
The jackal is poisoned.
The jackal is almost dead.
You kill the jackal!
The jackal barely misses you.
You closely miss the jackal. The jackal closely misses you.
The jackal barely misses you.
You hit the jackal.
You kill the jackal!
The centaur wields a shortbow.
The centaur shoots an arrow.
The arrow closely misses you.
The jackal bites you but does no damage.
You completely miss the jackal. The jackal bites you.
You barely miss the jackal. The jackal bites you. The jackal bites you.
You miss the jackal.
The jackal bites you but does no damage.
You hit the jackal.
The jackal is poisoned.
The jackal is severely wounded.
The jackal bites you. The jackal barely misses you.
You barely miss the jackal.
The jackal is almost dead.
The jackal barely misses you.
You completely miss the jackal.
The jackal is almost dead.
You kill the jackal!
The centaur shoots an arrow.
The arrow hits you!
You closely miss the jackal. The jackal barely misses you.
The jackal completely misses you.
You hit the jackal.
The jackal is severely wounded.
The jackal misses you.
You closely miss the jackal.
The jackal is severely wounded.
The jackal bites you. x2
You hit the jackal.
You kill the jackal!
The centaur shoots an arrow.
The arrow hits you!
The centaur unwields an uncursed shortbow.
The centaur closely misses you. x2
You see here a jackal corpse.
You hit the centaur.
The centaur is lightly wounded.
The centaur barely misses you.
You closely miss the centaur.
The centaur is lightly wounded.
The centaur hits you. The centaur completely misses you.
You hit the centaur.
The centaur is poisoned.
The centaur is lightly wounded.
The centaur hits you!
* * * LOW HITPOINT WARNING * * *
Drink which item? (? for menu, Esc to quit)
You feel agile all of a sudden. The centaur misses you. The centaur hits you!
* * * LOW HITPOINT WARNING * * *
Drink which item? (? for menu, Esc to quit)
Okay, then.
Press: ? - help, v - describe, . - travel
Here: a centaur (moderately wounded, poisoned)
The floor.
Unknown command.
Unknown command.
Read which item? (? for menu, Esc to quit)
Okay, then.
Unknown command.
Unknown command.
You barely miss the centaur.
The centaur is moderately wounded.
The centaur hits you!
You die...

.......# #.# #.......#
.......# #.###.#######
##.###.# #.....#
##.###.# ###########
..>....# #.......#
##.....#####.#####.###
.................(...#
....##.###.#.###(#.##
....##.###.#.###@#.###
................c....#
...................###
....#..###.####..#.#
....#..###.####..#.#####
....#..................#
....#.####.####..#######
.### . ##...........#
... .....###..#####


You could see a centaur.

Vanquished Creatures
  3 yaks
  An ogre (D:4)
  A hound (D:4)
  2 orc priests (D:4)
  An orc wizard (D:4)
  A worker ant (D:5)
  A hound skeleton (D:5)
  5 adders
  5 gnolls
  A giant mite (D:4)
  A worm (D:3)
  An adder skeleton (D:4)
  3 giant geckos
  An ooze (D:2)
  6 orcs
  2 ball pythons
  8 giant cockroaches
  9 goblins
  11 hobgoblins
  13 jackals
  2 quokkas
  6 bats
  A giant newt (D:1)
  A jackal skeleton (D:5)
  8 kobolds
  An orc skeleton (D:5)
  42 rats
137 creatures vanquished.

Vanquished Creatures (others)
  A quokka (D:4)
1 creature vanquished.

Grand Total: 138 creatures vanquished

Action                   |  1- 3 |  4- 6 |  7- 9 || total
-------------------------+-------+-------+-------++-------
Melee: Dagger            |     6 |       |       ||     6
       Whip              |       |    85 |       ||    85
       Short sword       |       |     7 |    40 ||    47
       Trident           |       |       |    15 ||    15
 Fire: Hunting sling     |   128 |   232 |    45 ||   405
Throw: Stone             |       |       |     1 ||     1
 Cast: Corona            |     1 |       |     1 ||     2
  Use: Potion            |     6 |     1 |     4 ||    11
       Scroll            |       |     7 |     1 ||     8
  Eat: Chunk             |     2 |    14 |     4 ||    20
       Pizza             |       |     1 |       ||     1

Action                   |  1- 3 |  4- 6 |  7- 9 || total
-------------------------+-------+-------+-------++-------
Melee: Dagger            |     6 |       |       ||     6
       Whip              |       |    85 |       ||    85
       Short sword       |       |     7 |    40 ||    47
       Trident           |       |       |    15 ||    15
 Fire: Hunting sling     |   128 |   232 |    45 ||   405
Throw: Stone             |       |       |     1 ||     1
 Cast: Corona            |     1 |       |     1 ||     2
  Use: Potion            |     6 |     1 |     4 ||    11
       Scroll            |       |     7 |     1 ||     8
  Eat: Chunk             |     2 |    14 |     4 ||    20
       Pizza             |       |     1 |       ||     1
